 Dungeon Crawl Stone Soup version 0.22.1-1-ga44c0e56f4 (webtiles) character file.

392 Kohma the Cudgeler (level 6, 0/40 HPs)
             Began as a Gargoyle Fighter on Oct 7, 2018.
             Slain by an ogre
             ... wielding a +0 giant spiked club
              (6 damage)
             ... on level 4 of the Dungeon.
             The game lasted 00:14:24 (4518 turns).

Kohma the Cudgeler (Gargoyle Fighter)               Turns: 4518, Time: 00:14:24

Health: 0/40       AC: 13    Str: 21    XL:     6   Next: 81%
Magic:  6/6        EV:  5    Int:  8    God:
Gold:   158        SH: 10    Dex: 10    Spells: 5/5 levels left

rFire    . . .     SeeInvis .   a - +0 flail
rCold    . . .     Gourm    .   c - +0 shield
rNeg     + . .     Faith    .   u - +0 chain mail
rPois    ∞         Spirit   .   (no helmet)
rElec    +         Reflect  .   (no cloak)
rCorr    .         Harm     .   (no gloves)
MR       .....                  (no boots)
Stlth    ..........             (no amulet)
HPRegen  0.13/turn              (no ring)
MPRegen  0.10/turn              (no ring)

@: no status effects
A: negative energy resistance 1, electricity resistance, unbreathing,
petrification resistance, rot immunity, AC +4
a: no special abilities


You were on level 4 of the Dungeon.
You were not hungry.

You visited 1 branch of the dungeon, and saw 4 of its levels.

You collected 158 gold pieces.

Inventory:

Hand Weapons
 a - a +0 flail (weapon)
Missiles
 h - 11 poisoned needles
 k - 37 sling bullets
 n - 7 poisoned tomahawks (quivered)
 t - 31 bolts
Armour
 c - a +0 shield (worn)
 u - a +0 chain mail (worn)
Jewellery
 s - an uncursed ring of protection from magic {unknown}
 v - an uncursed amulet of faith {unknown}
 x - a +3 ring of strength {unknown}
Scrolls
 b - a scroll of immolation {unknown}
 e - 5 scrolls of identify {unknown}
 g - a scroll of enchant armour {unknown}
 i - a scroll of random uselessness {unknown}
 j - 3 scrolls of remove curse {unknown}
 l - a scroll of amnesia {unknown}
 p - a scroll of fog {unknown}
 r - 2 scrolls of teleportation {unknown}
Potions
 d - a potion of might
 m - a potion of magic {unknown}
 o - 7 potions of curing {unknown}
 q - 3 potions of cancellation {unknown}
 w - a potion of ambrosia {unknown}
Comestibles
 f - 7 rations


   Skills:
 + Level 4.8 Fighting
 * Level 5.1 Maces & Flails
 - Level 3.2 Armour
 + Level 4.9 Shields


You had 5 spell levels left.
You didn't know any spells.
Your spell library contained the following spells:

 Spells                   Type           Power        Failure   Level  Hunger
 Confusing Touch          Hex            #.....       100%        1    ##.....
 Confuse                  Hex            #.......     100%        3    ####...
 Gell's Gravitas          Tloc           #.........   100%        3    ####...
 Petrify                  Tmut/Erth      #.......     100%        4    #####..
 Bolt of Magma            Conj/Fire/Erth #.........   100%        5    ######.
 Iskenderun's Battlesphe  Conj/Chrm      #.......     100%        5    ######.
 Metabolic Englaciation   Hex/Ice        #.........   100%        5    ######.
 Venom Bolt               Conj/Pois      #.........   100%        5    ######.
 Yara's Violent Unravell  Hex/Tmut       #.........   100%        5    ######.
 Iron Shot                Conj/Erth      #.........   100%        6    #######
 Orb of Destruction       Conj           #.........   100%        7    #######
 Spellforged Servitor     Conj/Summ      #.........   100%        7    #######


Dungeon Overview and Level Annotations

Branches:
Dungeon (4/15)
 Temple: D:4-7

Altars:
Xom

Shops:
D:4 :


Innate Abilities, Weirdness & Mutations

You are resistant to torment.
Your stone body is resilient. (AC +4)
You are immune to poison.
You resist negative energy. (rN+)
You are resistant to electric shocks. (rElec)
You can survive without breathing.
You are immune to petrification.
You are immune to rotting.


Message History

Your shield and chain mail prevent you from hitting the adder skeleton.
The adder skeleton is moderately damaged.
The adder skeleton bites you but does no damage.
You thump the adder skeleton!
You destroy the adder skeleton!
Found an ominously black robe.
An ogre comes into view. It is wielding a giant spiked club.
The ogre shouts!
You see here an ominously black robe.
The ogre hits you with a giant spiked club!
You hit the ogre.
The ogre is lightly wounded.
The ogre hits you with a giant spiked club!!
Ouch! That really hurt!
* * * LOW HITPOINT WARNING * * *
You closely miss the ogre. You hit the ogre.
The ogre is lightly wounded.
The ogre hits you with a giant spiked club.
You die...

#### ...## ###
#.#..##### #..
#.##...#.# ..####..
#...# #.......###..###
###.O# #...##..##
#...@## #..####..##
....#...[####..# ##..##
. ##....##..## ###.#
#...#..#..# ##.
#...#.....# ##..
...........# ###...
.........##..####.....
.#......######....#...#
.##...# #..###..##


You could see an ogre.

Vanquished Creatures
  2 centaur skeletons
  A hound (D:4)
  Natasha (D:3)
  Terence (D:3)
  A worker ant (D:4)
  11 gnolls
  4 adders
  An adder skeleton (D:4)
  3 worms (D:2)
  3 dart slugs
  A leopard gecko (D:2)
  6 orcs (D:3)
  2 ball pythons
  3 giant cockroaches
  12 goblins
  6 hobgoblins
  9 jackals
  7 kobolds
  A quokka (D:3)
  4 bats
  4 frilled lizards
  6 rats
89 creatures vanquished.

Notes
Turn   | Place    | Note
-------+----------+-------------------------------------------
     0 | D:1      | Kohma the Gargoyle Fighter began the quest for the Orb.
     0 | D:1      | Reached XP level 1. HP: 14/14 MP: 1/1
   263 | D:1      | Reached XP level 2. HP: 19/19 MP: 2/2
  1084 | D:1      | Reached XP level 3. HP: 23/23 MP: 3/3
  1347 | D:1      | Reached skill level 3 in Maces & Flails
  1623 | D:2      | Reached XP level 4. HP: 27/29 MP: 4/4
  2180 | D:1      | Reached XP level 5. HP: 26/33 MP: 5/5
  2409 | D:2      | Reached skill level 4 in Maces & Flails
  3586 | D:3      | Noticed Natasha
  3674 | D:3      | Killed Natasha
  3674 | D:3      | Reached XP level 6. HP: 31/39 MP: 6/6
  3927 | D:3      | Noticed Terence
  3944 | D:3      | Killed Terence
  3952 | D:3      | Found a shimmering altar of Xom.
  4315 | D:4      | Reached skill level 5 in Maces & Flails
  4340 | D:4      | Found Kealem's Book Shoppe.
  4518 | D:4      | Slain by an ogre

Skill      XL: |  1  2  3  4  5  6 |
---------------+-------------------+-----
Maces & Flails | 3 4 5 |  5.1
Shields        | 4 |  4.9
Fighting       | 4 |  4.8
Armour         | |  3.2

Action                   |  1- 3 |  4- 6 || total
-------------------------+-------+-------++-------
Melee: Flail             |   130 |   316 ||   446
Throw: Stone             |     1 |       ||     1
  Eat: Chunk             |     2 |    10 ||    12
Armor: Scale mail        |    62 |    76 ||   138
       Chain mail        |       |    79 ||    79
Dodge: Dodged            |    47 |    89 ||   136
Block: Shield            |    85 |   161 ||   246
